 Dungeon Crawl Stone Soup version 0.28-a0-1616-g050a50673c (webtiles) character file.

Game seed: 11235591507094018229

172314 Anon1729 the Fencer (level 17, -6/163 HPs)
             Began as a Minotaur Monk on Jan 22, 2022.
             Was the Champion of Zin.
             Mangled by an ettin (34 damage)
             ... on level 1 of the Orcish Mines.
             The game lasted 00:53:52 (28441 turns).

Anon1729 the Fencer (Minotaur Monk)                Turns: 28441, Time: 00:53:52

Health: -6/163     AC: 12    Str: 30    XL:     17   Next: 41%
Magic:  27/27      EV: 16    Int: 12    God:    Zin [******]
Gold:   763        SH:  5    Dex: 17    Spells: 16/16 levels left

rFire   . . .      SeeInvis .   T - +10 dagger of the Moon {elec, Int+5 Dex+4}
rCold   . . .      Faith    .   (no shield)
rNeg    . . .      Spirit   .   u - +0 troll leather armour
rPois   .          Reflect  +   C - +0 hat "Xedurgh" {rElec Will+}
rElec   +          Harm     .   (no cloak)
rCorr   .          Rampage  .   e - +1 pair of gloves
Will    ++...                   R - +0 pair of boots
Stlth   ++++......              D - amulet of reflection
HPRegen 1.17/turn               j - +4 ring of protection
MPRegen 0.20/turn               M - +6 ring of strength

@: studying 2 skills
A: horns 2, retaliatory headbutt
a: Renounce Religion, Recite, Vitalisation, Imprison, Sanctuary, Donate Gold


You were on level 1 of the Orcish Mines.
You worshipped Zin.
Zin was exalted by your worship.
You visited 3 branches of the dungeon, and saw 23 of its levels.

You collected 2093 gold pieces.
You spent 1177 gold pieces at shops.
You donated 153 gold pieces to Zin.

Inventory:

Hand Weapons
 a - the +4 short sword of Nemelex Xobeh's Envy {speed, rF+ Str+9 Stlth-}
   (You found it on level 2 of the Dungeon)

   Attacks with this weapon are significantly faster.
   Str:       It affects your strength (+9).
   rF:        It protects you from fire.
   Stlth:     It makes you less stealthy.
 b - the +6 shillelagh "Devastator" {shatter}
   (You found it on level 14 of the Dungeon)

   It releases a powerful concussive burst when it strikes, dealing extra damage
   to the target and all other foes adjacent to them.
 n - a +6 rapier of speed
 w - the +2 rapier of an ice cave {vorpal, rPois rF+ Int+3}
   (You found it on level 3 of the Dungeon)

   It inflicts extra damage upon your enemies.
   Int:       It affects your intelligence (+3).
   rF:        It protects you from fire.
   rPois:     It protects you from poison.
 E - a +2 scimitar of flaming
 I - a +5 spear
 T - the +10 dagger of the Moon (weapon) {elec, Int+5 Dex+4}
   (You found it on level 6 of the Lair of Beasts)

   It occasionally discharges a powerful burst of electricity upon striking a
   foe.
   Int:       It affects your intelligence (+5).
   Dex:       It affects your dexterity (+4).
Missiles
 l - 51 poisoned darts (quivered)
 v - a throwing net
Armour
 e - a +1 pair of gloves (worn)
 u - a +0 troll leather armour (worn)
 C - the +0 hat "Xedurgh" (worn) {rElec Will+}
   (You bought it in a shop on level 5 of the Dungeon)

   rElec:     It insulates you from electricity.
   Will:      It increases your willpower.
 R - a +0 pair of boots (worn)
Jewellery
 g - a ring of see invisible
 j - a +4 ring of protection (left hand)
 D - an amulet of reflection (around neck)
 M - a +6 ring of strength (right hand)
 N - a +4 ring of protection
 O - an amulet of regeneration
 S - a ring of protection from fire
 U - an amulet of guardian spirit
 V - the ring "Seowuheg" {Ice Str+4}
   (You found it on level 6 of the Lair of Beasts)

   [ring of ice]

   It enhances your ice magic.
   Str:       It affects your strength (+4).
   rF:        It makes you vulnerable to fire.
   rC:        It protects you from cold.
 W - a ring of poison resistance
Wands
 K - a wand of flame (22)
 Y - a wand of iceblast (6)
Scrolls
 c - 3 scrolls of teleportation
 d - 6 scrolls of fog
 h - 4 scrolls of amnesia
 k - 5 scrolls of fear
 o - a scroll of identify
 s - 2 scrolls of magic mapping
 t - 4 scrolls of vulnerability
 x - 6 scrolls of enchant armour
 y - 8 scrolls of immolation
 z - 2 scrolls of enchant weapon
 H - a scroll of holy word
 L - 3 scrolls of blinking
 X - a scroll of silence
Potions
 f - 2 potions of berserk rage
 i - 5 potions of flight
 m - 7 potions of ambrosia
 p - 4 potions of magic
 q - 4 potions of brilliance
 r - 4 potions of haste
 A - 5 potions of might
 B - 9 potions of curing
 F - 4 potions of attraction
 G - a potion of mutation
 J - a potion of resistance
 P - a potion of heal wounds
 Q - a potion of invisibility


   Skills:
 + Level 18.1 Fighting
 - Level 0.4(11.0) Short Blades
 + Level 18.3 Long Blades
 - Level 9.4 Maces & Flails
 + Level 7.1 Armour
 + Level 8.0 Dodging
 + Level 8.2 Stealth
 + Level 15.1 Invocations


You had 16 spell levels left.
You didn't know any spells.
Your spell library contained the following spells:

 Spells                   Type           Power      Damage    Failure   Level
 Apportation              Tloc           0%         N/A       36%         1
 Blink                    Tloc           0%         N/A       50%         2
 Sublimation of Blood     Necr           0%         N/A       50%         2
 Wereblood                Tmut           0%         N/A       50%         2
 Lesser Beckoning         Tloc           0%         N/A       73%         3
 Tukima's Dance           Hex            0%         N/A       73%         3
 Airstrike                Air            0%         N/A       98%         4
 Anguish                  Hex/Necr       0%         N/A       98%         4
 Leda's Liquefaction      Hex/Erth       0%         N/A       98%         4
 Petrify                  Tmut/Erth      0%         N/A       98%         4
 Summon Lightning Spire   Summ/Air       0%         N/A       98%         4
 Alistair's Intoxication  Tmut/Pois      0%         N/A       100%        5
 Iskenderun's Battlesphe  Conj           0%         2d6       100%        5
 Lee's Rapid Deconstruct  Erth           0%         3d5*      100%        5
 Lightning Bolt           Conj/Air       0%         1d11      100%        5
 Manifold Assault         Tloc           0%         N/A       100%        5
 Metabolic Englaciation   Hex/Ice        0%         N/A       100%        5
 Iron Shot                Conj/Erth      0%         9d1       100%        6
 Statue Form              Tmut/Erth      0%         N/A       100%        6
 Enfeeble                 Hex            0%         N/A       100%        7
 Spellforged Servitor     Conj/Summ      0%         N/A       100%        7
 Summon Hydra             Summ           0%         N/A       100%        7


Dungeon Overview and Level Annotations

Branches:
Dungeon (15/15)            Temple (0/1) D:6            Lair (6/6) D:9
 Shoals (0/4) Lair:3        Snake (0/4) Lair:2        Slime (0/5) Lair:5
    Orc (2/2) D:10            Elf (0/3) Orc:2        Vaults (0/5) D:14
 Depths (0/4) D:15

Altars:
Cheibriados
Fedhas
Gozag
Kikubaaqudgha
Makhleb
Okawaru
Sif Muna
Vehumet
Wu Jian
Zin
Beogh
Jiyva

Shops:
D:5 *(*[?*   Orc:2 :(?!

Annotations:
D:3 1 runed translucent door, kae's ghost, amateur DrTm
D:8 exclusion: ice statue
Lair:3 exclusion: 2 oklob plants
Orc:2 Snorg


Innate Abilities, Weirdness & Mutations

You have a pair of horns on your head.
You reflexively headbutt those who attack you in melee.


Message History

You puncture the ettin! Lightning courses through the ettin!
You headbutt the ettin, but do no damage.
The ettin is heavily wounded.
You completely miss the ettin.
The ettin is heavily wounded.
The ettin closely misses you.
The ettin hits you with a +0 dire flail!!
You barely miss the ettin.
The ettin is heavily wounded.
You hit the ettin.
The ettin is heavily wounded.
The ettin hits you with a +0 dire flail!!
The ettin hits you with a +0 dire flail!!!
You hit the ettin. You headbutt the ettin.
The ettin is severely wounded.
You hit the ettin. Lightning courses through the ettin! You headbutt the ettin!
The ettin is almost dead.
The ettin hits you with a +0 dire flail!!!
* * * LOW HITPOINT WARNING * * *
The ettin hits you with a +0 dire flail!
* * * LOW HITPOINT WARNING * * *
You are too injured to fight recklessly!
You are too injured to fight recklessly!
You are too injured to fight recklessly!
You are too injured to fight recklessly!
You are too injured to fight recklessly!
You are too injured to fight recklessly!
You are too injured to fight recklessly!
You are too injured to fight recklessly!
You are too injured to fight recklessly!
You are too injured to fight recklessly!
You are too injured to fight recklessly!
You hit the ettin but do no damage. You headbutt the ettin.
The ettin is almost dead.
You hit the ettin but do no damage.
You headbutt the ettin, but do no damage.
You punch the ettin, but do no damage.
The ettin is almost dead.
The ettin hits you with a +0 dire flail!!
You die...

### ##.## #...##
###
##...###.#####
#....#...##.##
##..........<#
###........##
##.......@.#
#........C.#
##.#.......#
##..>[....#
##.........#
##....[.....#
#......[...##
##..........#
###...........##


You could see an ettin.

Vanquished Creatures
  An iron dragon (D:14)
  2 ettins
  A fire dragon (Lair:6)
  A yaktaur captain (D:14)
  A rakshasa (D:15)
  6 hydras
  3 boulder beetles
  3 ogre magi (Orc:2)
  2 catoblepae
  7 centaur warriors
  Erica (D:11)
  10 two-headed ogres
  A death yak (Lair:6)
  2 deep trolls (D:15)
  A swamp dragon (Lair:6)
  A necromancer (D:15)
  3 orc knights
  A deep elf pyromancer (D:14)
  9 orc sorcerers
  7 cyclopes
  9 ugly things
  4 manticores
  9 elephants
  8 black mambas
  A torpor snail (Lair:6)
  3 unseen horrors
  Maggie (Lair:2)
  A gargoyle (D:11)
  2 yaktaurs (D:14)
  6 kobold demonologists
  2 unseen horrors (shapeshifter)
  20 cane toads
  9 komodo dragons
  6 rime drakes
  10 trolls
  A tengu conjurer (D:15)
  A queen bee (shapeshifter) (D:15)
  A polar bear (shapeshifter) (D:14)
  A queen bee (Lair:1)
  A hornet (D:9)
  13 blink frogs
  A polar bear (Lair:3)
  13 slime creatures
  7 dream sheep (Lair:6)
  5 wyverns
  3 wraiths
  2 basilisks (Lair:4)
  66 yaks
  2 steam dragons
  Edmund (D:5)
  7 vampire mosquitoes
  An acid dragon (D:11)
  11 water moccasins
  Duvessa (D:5)
  2 ice beasts (D:6)
  14 orc warriors
  A swamp drake (Lair:6)
  3 black bears
  8 ogres
  24 wolves
  20 centaurs
  7 kobold brigands
  10 bullfrogs
  A gnoll sergeant (D:5)
  A wyvern zombie (D:5)
  6 scorpions
  A water moccasin zombie (D:5)
  Dowan (D:5)
  40 killer bees
  4 wights (D:10)
  An electric eel (Lair:6)
  8 howler monkeys
  2 bullfrog zombies
  2 centaur zombies
  A hound (D:5)
  11 jellies (Lair:3)
  Crazy Yiuf (D:5)
  16 orc priests
  A bullfrog skeleton (D:4)
  A centaur skeleton (D:4)
  28 orc wizards
  2 iguanas
  Terence (D:1)
  A killer bee zombie (D:7)
  A hound zombie (D:5)
  A hound skeleton (D:4)
  Robin (D:2)
  8 gnolls
  13 adders
  A white imp (D:6)
  6 ufetubi (D:8)
  An adder skeleton (D:4)
  3 dart slugs
  68 orcs
  17 endoplasms
  3 giant cockroaches
  16 goblins
  8 hobgoblins
  20 kobolds
  2 quokkas
  3 ball pythons
  9 bats
  3 frilled lizards
  5 rats
700 creatures vanquished.

Vanquished Creatures (others)
  38 fungi
  58 plants
96 creatures vanquished.

Grand Total: 796 creatures vanquished

Notes
Turn   | Place    | Note
-------+----------+-------------------------------------------
     0 | D:1      | Anon1729 the Minotaur Monk began the quest for the Orb.
     0 | D:1      | Reached XP level 1. HP: 19/19 MP: 0/0
   381 | D:1      | Reached XP level 2. HP: 26/27 MP: 1/1
   677 | D:1      | Found a faded altar of an unknown god.
   687 | D:1      | Prayed at the altar of an unknown god.
   687 | D:1      | Became a worshipper of Zin the Law-Giver
   687 | D:1      | Reached * piety under Zin
   687 | D:1      | Reached ** piety under Zin
   687 | D:1      | Reached *** piety under Zin
  1075 | D:1      | Reached XP level 3. HP: 33/33 MP: 2/2
  1319 | D:2      | Reached skill level 1 in Invocations
  1497 | D:2      | Noticed Robin
  1497 | D:2      | Noticed Terence
  1513 | D:2      | Reached XP level 4. HP: 37/40 MP: 3/3
  1773 | D:1      | Killed Terence
  1947 | D:2      | Killed Robin
  2042 | D:2      | Reached skill level 5 in Long Blades
  2284 | D:2      | Reached XP level 5. HP: 47/47 MP: 5/5
  2507 | D:2      | Identified the +4 short sword of Nemelex Xobeh's Envy
                  | {speed, rF+ Str+9 Stlth-}
  2641 | D:3      | Noticed kae's ghost (amateur DrTm)
  2653 | D:3      | Found a runed translucent door.
  2938 | D:3      | Reached **** piety under Zin
  3244 | D:3      | Identified the +2 rapier of an ice cave {vorpal, rPois rF+
                  | Int+3}
  3453 | D:4      | Reached skill level 5 in Fighting
  3607 | D:4      | Reached XP level 6. HP: 56/56 MP: 6/6
  4005 | D:5      | Entered Level 5 of the Dungeon
  4005 | D:5      | Found Seyma's Weapon Boutique.
  4024 | D:5      | Found Cepp's General Store.
  4040 | D:5      | Found Hotyvu's Assorted Antiques.
  4046 | D:5      | Bought a fuming coppery potion for 25 gold pieces
  4050 | D:5      | Found Soruen's Antique Armour Shop.
  4111 | D:5      | Found a snail-covered altar of Cheibriados.
  4112 | D:5      | Noticed Edmund
  4138 | D:5      | Killed Edmund
  4139 | D:5      | Reached XP level 7. HP: 42/62 MP: 8/8
  4169 | D:5      | Reached ***** piety under Zin
  4285 | D:5      | Found Fyon's Magic Scroll Emporium.
  4335 | D:5      | Bought a scroll of teleportation for 42 gold pieces
  4335 | D:5      | Bought a scroll of magic mapping for 49 gold pieces
  4335 | D:5      | Bought a scroll of identify for 28 gold pieces
  4335 | D:5      | Bought a scroll of identify for 28 gold pieces
  4466 | D:5      | Found Acloj's Assorted Antiques.
  4499 | D:5      | Bought a scroll labelled ZUOTISHR DUAGY for 17 gold pieces
  4549 | D:5      | Found a runed translucent door.
  4550 | D:5      | Noticed Crazy Yiuf
  4558 | D:5      | Killed Crazy Yiuf
  4658 | D:5      | Found an ornate altar of the Wu Jian Council.
  4730 | D:5      | Noticed Duvessa
  4732 | D:5      | Reached XP level 8. HP: 44/73 MP: 10/10
  4869 | D:5      | Killed Duvessa
  4870 | D:5      | Reached skill level 5 in Invocations
  4906 | D:5      | Noticed Dowan
  4922 | D:5      | Killed Dowan
  5752 | D:6      | Found a staircase to the Ecumenical Temple.
  5898 | D:7      | Reached XP level 9. HP: 73/82 MP: 12/12
  6279 | D:7      | Reached skill level 10 in Long Blades
  6824 | D:8      | Noticed an ice devil
  6824 | D:8      | Noticed an ice devil
  6824 | D:8      | Noticed an ice devil
  6825 | D:8      | Noticed an ice statue
  6839 | D:8      | Noticed an ice devil
  6840 | D:8      | Noticed an ice devil
  6942 | D:8      | Reached ****** piety under Zin
  6944 | D:8      | Found a large runed translucent door.
  6944 | D:8      | Found a large runed translucent door.
  7015 | D:8      | Reached skill level 10 in Fighting
  7015 | D:8      | Noticed an ice devil
  7355 | D:8      | Reached XP level 10. HP: 80/94 MP: 13/15
  7438 | D:8      | Found an iron altar of Okawaru.
  7939 | D:8      | Found a burning altar of Makhleb.
  7939 | D:8      | Noticed a cyclops
  7948 | D:8      | Killed a cyclops
  7983 | D:8      | Found an opulent altar of Gozag.
  8173 | D:5      | Bought a fading hat for 153 gold pieces
  8173 | D:5      | Identified the +0 hat "Xedurgh" {rElec Will+} (You bought
                  | it in a shop on level 5 of the Dungeon)
  8611 | D:9      | Noticed a two-headed ogre
  9085 | D:9      | Paralysed by a hornet for 2 turns
  9192 | D:9      | Killed a two-headed ogre
  9194 | D:9      | Found a staircase to the Lair.
  9407 | D:10     | Entered Level 10 of the Dungeon
  9532 | D:10     | Found a staircase to the Orcish Mines.
  9542 | D:10     | Noticed an orc knight
  9724 | D:10     | Noticed a two-headed ogre
  9726 | D:10     | Noticed a boulder beetle
  9741 | D:10     | Killed a two-headed ogre
  9764 | D:10     | Killed a boulder beetle
  9765 | D:10     | Reached XP level 11. HP: 24/104 MP: 17/17
 10212 | D:10     | Reached skill level 10 in Invocations
 10295 | D:10     | Found a shimmering blue altar of Sif Muna.
 10515 | D:10     | Killed an orc knight
 10683 | D:11     | Noticed a brown ugly thing
 10696 | D:10     | Killed a brown ugly thing
 10764 | D:11     | Noticed Erica
 10775 | D:11     | Killed Erica
 11605 | D:12     | Noticed a two-headed ogre
 11619 | D:12     | Killed a two-headed ogre
 11813 | D:12     | Noticed a two-headed ogre
 12015 | D:11     | Noticed a two-headed ogre
 12022 | D:11     | Killed a two-headed ogre
 12023 | D:11     | Reached XP level 12. HP: 75/116 MP: 19/19
 12093 | D:11     | Killed a two-headed ogre
 13148 | D:13     | Noticed a centaur warrior
 13160 | D:13     | Killed a centaur warrior
 13380 | D:13     | Noticed a seven-headed hydra
 13383 | D:13     | Reached skill level 15 in Long Blades
 13487 | D:13     | Killed a three-headed hydra
 13559 | D:13     | Reached skill level 15 in Fighting
 13894 | D:13     | Noticed a centaur warrior
 13905 | D:13     | Killed a centaur warrior
 14008 | D:13     | Noticed a boulder beetle
 14026 | D:13     | Killed a boulder beetle
 14233 | D:14     | Noticed a centaur warrior
 14244 | D:14     | Killed a centaur warrior
 14291 | D:14     | Noticed a yaktaur captain
 14292 | D:14     | Found a gate to the Vaults.
 14458 | D:14     | Killed a yaktaur captain
 14466 | D:14     | Reached XP level 13. HP: 92/127 MP: 21/21
 14991 | D:14     | Found the +6 shillelagh "Devastator" {shatter}
 15009 | D:14     | Noticed an iron dragon
 15643 | Lair:1   | Entered Level 1 of the Lair of Beasts
 15736 | Lair:1   | Reached skill level 1 in Maces & Flails
 16221 | Lair:1   | HP: 3/128 [killer bee (6)]
 17605 | Lair:2   | Noticed Maggie
 17618 | Lair:2   | Killed Maggie
 17654 | Lair:2   | Found a staircase to the Snake Pit.
 18058 | Lair:3   | Found a staircase to the Shoals.
 18072 | Lair:3   | Reached skill level 5 in Maces & Flails
 18303 | Lair:3   | Identified the +1 scale mail of the Orb Guardian {Rampage
                  | rElec rC- Str+4}
 18523 | Lair:3   | Found a blossoming altar of Fedhas.
 18847 | Lair:3   | Reached XP level 14. HP: 138/138 MP: 23/23
 19332 | D:6      | Identified the +8 dagger of the Swamp {vamp, rN+ rCorr}
 21371 | Lair:5   | Found a viscous altar of Jiyva.
 21371 | Lair:5   | Found a staircase to the Slime Pits.
 21612 | Lair:6   | Entered Level 6 of the Lair of Beasts
 21616 | Lair:6   | Identified the +10 dagger of the Moon {elec, Int+5 Dex+4}
 22345 | Lair:6   | Identified the ring "Seowuheg" {Ice Str+4}
 22349 | Lair:6   | Identified a scroll of acquirement
 22349 | Lair:6   | Acquired a manual of Stealth
 22709 | Lair:6   | Reached skill level 1 in Armour
 23717 | Orc:1    | Entered Level 1 of the Orcish Mines
 23802 | Orc:2    | Entered Level 2 of the Orcish Mines
 23814 | Orc:2    | Found Paezxae's Distillery.
 23878 | Orc:2    | Bought a potion of haste for 170 gold pieces
 23878 | Orc:2    | Bought a potion of brilliance for 68 gold pieces
 23878 | Orc:2    | Bought a potion of mutation for 136 gold pieces
 23890 | Orc:2    | Found an iron altar of Okawaru.
 23933 | Orc:2    | Found a staircase to the Elven Halls.
 24031 | Orc:2    | Reached XP level 15. HP: 120/149 MP: 25/25
 24520 | Orc:2    | Found Ohaqel's Magic Scroll Shoppe.
 24559 | Orc:2    | Bought a scroll of identify for 30 gold pieces
 24559 | Orc:2    | Bought a scroll of silence for 112 gold pieces
 24559 | Orc:2    | Bought a scroll of teleportation for 45 gold pieces
 24559 | Orc:2    | Bought a scroll of teleportation for 45 gold pieces
 24559 | Orc:2    | Bought a scroll of immolation for 52 gold pieces
 24559 | Orc:2    | Bought a scroll of fear for 52 gold pieces
 24559 | Orc:2    | Bought a scroll of fog for 30 gold pieces
 24559 | Orc:2    | Bought a scroll of fog for 30 gold pieces
 24561 | Orc:2    | Reached skill level 5 in Stealth
 24561 | Orc:2    | Reached XP level 16. HP: 157/157 MP: 26/26
 24562 | Orc:2    | Reached XP level 17. HP: 163/163 MP: 27/27
 24577 | Orc:2    | Found an ancient bone altar of Kikubaaqudgha.
 24781 | Orc:2    | Found Noucef's Magic Scroll Emporium.
 24798 | Orc:2    | Bought a scroll of teleportation for 39 gold pieces
 24798 | Orc:2    | Bought a scroll of identify for 26 gold pieces
 24812 | Orc:2    | Found a radiant altar of Vehumet.
 24892 | Orc:2    | Found Lij Ecati's Antique Weapon Emporium.
 24905 | Orc:2    | Found Doel's Book Shoppe.
 25089 | Orc:1    | Noticed Snorg
 25742 | Orc:1    | HP: 4/146 [Snorg (12)]
 26251 | D:15     | Entered Level 15 of the Dungeon
 26319 | D:15     | Reached skill level 15 in Invocations
 26491 | D:15     | Found a staircase to the Depths.
 28441 | Orc:1    | Mangled by an ettin

Illustrated notes

Levels and vault maps discovered:
D:1:      elethiomel_arrival_quiet, layout_loops_cross,
          hellmonk_ecumenical_altar_zigzags, minmay_pentomino_x2
D:2:      layout_loops_cross, uniq_robin, uniq_terence
D:3:      layout_basic, hellmonk_ghost_happy_afterlife
D:4:      layout_basic
D:5:      layout_basic, nzn_wu_jian_council_hall, lemuel_tele_altar,
          serial_corexii_hall, corexii_hall_statues_x, corexii_hall_statues_i,
          corexii_hall_statues_l, serial_shops, shop, nicolae_stop_n_shop_1,
          nicolae_shop_temple_entry_statues_fountains, kennysheep_little_box,
          shop, kennysheep_windowed_goal, uniq_crazy_yiuf_cottage, uniq_duvessa,
          uniq_edmund
D:6:      layout_basic, minmay_temple_entry_enclosed_plants
D:7:      layout_basic
D:8:      cheibrodos_frozen_isle, layout_loops_corners, marbit_many_paths,
          jmf_multi_god_temple2, chequers_hall_statues_y
D:9:      layout_basic, grunt_lair_entry_orc_guard_hut
D:10:     layout_loops_ring, amcnicky_altar_gilded, david_orc_5
D:11:     layout_roguey, uniq_erica
D:12:     layout_long_grid
D:13:     layout_basic
D:14:     minmay_roctagon, layout_loops_corners, david_vaults_2,
          small_statue_alley_a
D:15:     hangedman_depths_entry_civil_slaughter, layout_grid_maze
Lair:1:   layout_cave_pods, special_room [special_room_bee]
Lair:2:   layout_roguey, dummy_snake_entry, serial_bayou_pond_e,
          beast_lair_carwin_10, uniq_maggie
Lair:3:   lemuel_slime, layout_gridlike, minmay_shoals_entry_centaurs,
          hangedman_tree_tricks
Lair:4:   layout_cave_pods, lemuel_fruit_tree
Lair:5:   layout_roguey, dpeg_slime_entry_enclosed_altar
Lair:6:   guppyfry_lair_end_dragon, layout_cave_pods, serial_bayou_shore_a
Orc:1:    layout_caves, uniq_snorg
Orc:2:    kennysheep_orc_mage_school, layout_diamond_mine, serial_shops, shop,
          okawaru_metal_pillars_3

Skill      XL: |  1  2  3  4  5  6  7  8  9 10 11 12 13 14 15 16 17 |
---------------+----------------------------------------------------+-----
Long Blades    | 4 5 6 7 9 10 12 14 15 16 17 18 | 18.3
Fighting       | 4 5 7 8 10 12 13 15 16 17 18 | 18.1
Stealth        | 2 3 5 7 8 |  8.2
Invocations    | 1 2 3 4 6 8 9 11 12 13 14 15 | 15.1
Dodging        | 4 6 7 8 |  8.0
Maces & Flails | 5 8 9 |  9.4
Armour         | 2 4 6 7 |  7.1
Short Blades   | |  0.4

Action                   |  1- 3 |  4- 6 |  7- 9 | 10-12 | 13-15 | 16-18 || total
-------------------------+-------+-------+-------+-------+-------+-------++-------
Melee: Falchion          |    74 |    55 |       |       |       |       ||   129
       Headbutt          |    11 |    22 |    58 |   196 |   336 |   115 ||   738
       Punch             |     1 |     1 |     3 |    14 |    31 |    14 ||    64
       Short sword       |       |    98 |   299 |   704 |  1034 |    58 ||  2193
       Spear             |       |       |       |   143 |       |       ||   143
       Scimitar          |       |       |       |    11 |    12 |       ||    23
       Shillelagh        |       |       |       |       |    61 |    17 ||    78
       Dagger            |       |       |       |       |   110 |   275 ||   385
       Rapier            |       |       |       |       |       |    22 ||    22
Throw: Dart              |       |     3 |       |    19 |    11 |     9 ||    42
Invok: Vitalisation      |       |       |       |       |       |     2 ||     2
       Sanctuary         |       |       |       |       |       |     2 ||     2
Evoke: Wand              |       |       |       |     8 |     1 |     1 ||    10
  Use: Scroll            |       |     6 |     4 |     5 |     9 |    12 ||    36
       Potion            |       |       |       |     2 |     6 |     2 ||    10
 Stab: Sleeping          |     5 |       |       |       |       |     5 ||    10
       Paralysed         |       |       |       |     9 |       |       ||     9
Armor: Robe              |    13 |     2 |       |       |       |       ||    15
       Scale mail        |       |    18 |       |       |       |       ||    18
       Troll leather arm |       |    21 |    43 |   122 |   207 |    57 ||   450
Dodge: Dodged            |    49 |    64 |   153 |   316 |   404 |   172 ||  1158
Block: Other             |       |     1 |    55 |   111 |   161 |    52 ||   380
       Reflection        |       |       |     3 |    14 |       |     5 ||    22

Table legend: (Time is in decaauts)
 A = Elapsed time spent in this place.
 B = Non-inter-level travel time spent in this place.
 C = Inter-level travel time spent in this place.
 D = Time resting spent in this place.
 E = Time spent auto-exploring this place.
 F = Levels seen in this place.
 G = Mean time per level.
                   A        B        C        D        E       F      G
               +--------+--------+--------+--------+--------+-----+--------+
         Total |  27128 |  25014 |   2114 |   3617 |  16415 |  23 | 1179.5 |
       Dungeon |  17646 |  16131 |   1515 |   2563 |  10506 |  15 | 1176.4 |
          Lair |   7268 |   6810 |    458 |    426 |   5164 |   6 | 1211.3 |
  Orcish Mines |   2214 |   2074 |    140 |    628 |    745 |   2 | 1107.0 |
               +--------+--------+--------+--------+--------+-----+--------+

Top non-repeatable levels by time:
     D:8: 1904 daAuts
    D:13: 1759 daAuts
    D:14: 1715 daAuts
  Lair:6: 1681 daAuts
     D:1: 1658 daAuts
   Orc:2: 1640 daAuts
  Lair:1: 1350 daAuts
  Lair:4: 1252 daAuts
  Lair:2: 1250 daAuts
    D:11: 1241 daAuts
    D:10: 1164 daAuts
     D:9: 1073 daAuts
    D:15: 1072 daAuts
     D:5: 1058 daAuts
     D:2: 992 daAuts
